cohdb
Replays
Latest Replays
All Replays
Popular Replays
Top Player Replays
Match Explorer
How It Works
Community
CoH3 Stats
Reddit
Sign in to upload your games and track your stats! →
Sign in with Steam
Match 43939703
Unlisted
Match 43939703
Overview
Messages
Build Orders
End
Selects Luftwaffe Battlegroup
Selects Luftwaffe Pioneer Support
Fallschirmpioneer Squad Paradrop
Construct Infanterie Kompanie
Grenadier Squad
Grenadier Squad
Construct Panzergrenadier Kompanie
Selects LG40 Recoilless Gun Paradrop
LG40 Recoilless Gun Paradrop
GrW 34 Mortar Team
Selects Stuka Strafing Run
Panzergrenadier Squad
MG 42 Machine Gun Team
Support Elements
Selects Fallschirmjäger Squad Paradrop
Nebelwerfer 42 Rocket Launcher Team
Stuka Strafing Run
Ratking_Lu
Blacky
tillre
srubert83
GruZ
Zero Ambition
0
0
Comments
sign in to comment!
No comments posted yet!